[Event "European Womens-ch 2025"]
[Site "Rhodes"]
[Date "2025.03.31"]
[Round "1.36"]
[White "Korenova, Martina"]
[Black "Kochavi, Dana"]
[Result "1-0"]
[Annotator "RC"]
[ECO "E90"]
[WhiteElo "2045"]
[BlackElo "2301"]
[PlyCount "147"]
[EventDate "2025.03.29"]
[EventType "swiss"]
[EventCountry "GRE"]
[SourceTitle "playchess.com"]
[Source "ChessBase"]
[SourceQuality "1"]
[TimeControl "40/5400+30:1800+30"]

1. d4 Nf6 2. c4 g6 3. Nc3 Bg7 4. e4 d6 5. Nf3 O-O 6. h3 e5 7. dxe5 dxe5 8. Qxd8 Rxd8 9. Bg5 c6 10. Nxe5 Re8 11. O-O-O Na6 12. Nf3 Nc5 13. Bd3 Nxd3+ 14. Rxd3 Nxe4 15. Nxe4 Bf5 16. Nc5 Bxd3 17. Nxd3 Re4 18. Nd2 Rd4 19. Kc2 b5 20. Be3 Rd6 21. c5 Re6 22. h4 h5 23. Nf3 Rd8 24. b3 a5 25. Rd1 Re4 26. Nf4 Rxd1 27. Kxd1 Kf8 28. Kc2 Ke8 29. Ng5 Re7 30. Bd2 Bd4 31. Nd3 b4 32. Kd1 Kd7 33. f3 f6 34. Ne4 Ke6 35. Bf4 Rg7 36. Ke2 Kd5 37. Bd6 g5 38. hxg5 fxg5 39. Nxg5 Bxc5 40. Bxc5 Rxg5 41. Bf2 c5 42. g3 c4 43. Nf4+ Kd6 44. bxc4 a4 45. Kd3 Rf5 46. Be3 Rf7 47. c5+ Kc6 48. Kc4 Rb7 49. Nd3 b3 50. axb3 Rxb3 51. Nb4+ Kb7 52. c6+ Kc8 53. Nd5 Rb2 54. Nb6+ Kc7 55. Nxa4 Rc2+ 56. Kd5 Rxc6 57. Bf4+ Kb7 58. Nc5+ Kb6 59. Nd7+ Kb5 60. Ne5 Rc2 61. Bg5 Rg2 62. Bh4 Rd2+ 63. Ke6 Kc5 64. f4 Re2 65. Kf5 Kd5 66. Kg5 Ke6 67. Ng6 Kf7 68. Kxh5 Re6 69. f5 Ra6 70. g4 Kg7 71. f6+ Kh7 72. g5 Rb6 73. f7 Rxg6 74. f8=N+ 1-0

[Event "European Womens-ch 2025"]
[Site "Rhodes"]
[Date "2025.03.31"]
[Round "1.37"]
[White "Heinemann, Josefine"]
[Black "Mihaljevic, Eva"]
[Result "1-0"]
[Annotator "RC"]
[ECO "E05"]
[WhiteElo "2297"]
[BlackElo "2039"]
[PlyCount "79"]
[EventDate "2025.03.29"]
[EventType "swiss"]
[EventCountry "GRE"]
[SourceTitle "playchess.com"]
[Source "ChessBase"]
[SourceQuality "1"]
[TimeControl "40/5400+30:1800+30"]

1. c4 e6 2. g3 d5 3. Bg2 Nf6 4. Nf3 Be7 5. O-O O-O 6. d4 dxc4 7. Qa4 a6 8. Qxc4 b5 9. Qc2 Bb7 10. Bf4 Nc6 11. Nc3 Nb4 12. Qc1 Nbd5 13. Nxd5 Nxd5 14. Bg5 Rc8 15. a3 f6 16. Bd2 c5 17. Qe1 cxd4 18. Nxd4 Qb6 19. Nb3 Bd6 20. Rd1 b4 21. e4 Ne7 22. Be3 Qc7 23. Nd4 Qb8 24. Nxe6 Rfe8 25. Qd2 Be5 26. f4 Bc7 27. Nxc7 Qxc7 28. Qxb4 Bc6 29. Rc1 Qb7 30. Qxb7 Bxb7 31. Bd4 Rcd8 32. Bc3 Ng6 33. Rfe1 Rc8 34. Rcd1 Rc4 35. e5 Bxg2 36. Kxg2 fxe5 37. fxe5 Rc5 38. e6 Rc6 39. Rd7 Re7 40. Rd8+ 1-0

[Event "European Womens-ch 2025"]
[Site "Rhodes"]
[Date "2025.03.31"]
[Round "1.39"]
[White "Yao, Lan"]
[Black "Zvereva, Marija"]
[Result "1-0"]
[Annotator "RC"]
[ECO "B30"]
[WhiteElo "2294"]
[BlackElo "2033"]
[PlyCount "71"]
[EventDate "2025.03.29"]
[EventType "swiss"]
[EventCountry "GRE"]
[SourceTitle "playchess.com"]
[Source "ChessBase"]
[SourceQuality "1"]
[TimeControl "40/5400+30:1800+30"]

1. e4 c5 2. Nf3 Nc6 3. Bb5 e5 4. O-O Bd6 5. c3 a6 6. Ba4 b5 7. Bc2 Qb6 8. d3 Nf6 9. Be3 Ng4 10. Bg5 h6 11. Bh4 g5 12. Bg3 Nf6 13. d4 cxd4 14. cxd4 Qc7 15. Nc3 Bb7 16. Nd5 Nxd5 17. exd5 Nxd4 18. Nxd4 exd4 19. Re1+ Kf8 20. Qxd4 Rg8 21. Bb3 Bxg3 22. hxg3 Qd6 23. Re3 Rc8 24. Rae1 Rg6 25. Re7 Ba8 26. Qe4 Bb7 27. Qf5 Qxe7 28. Rxe7 Kxe7 29. Qe5+ Kf8 30. d6 Re8 31. Qh8+ Rg8 32. Qf6 Rg7 33. Bxf7 Re1+ 34. Kh2 Rh7 35. Bg6+ Kg8 36. Qd8+ 1-0

[Event "European Womens-ch 2025"]
[Site "Rhodes"]
[Date "2025.03.31"]
[Round "1.40"]
[White "Subramanian, Anusha"]
[Black "Zimina, Olga"]
[Result "0-1"]
[Annotator "RC"]
[ECO "D02"]
[WhiteElo "2026"]
[BlackElo "2293"]
[PlyCount "80"]
[EventDate "2025.03.29"]
[EventType "swiss"]
[EventCountry "GRE"]
[SourceTitle "playchess.com"]
[Source "ChessBase"]
[SourceQuality "1"]
[TimeControl "40/5400+30:1800+30"]

1. d4 d5 2. Nf3 Nf6 3. Bf4 c5 4. e3 Nc6 5. Nbd2 cxd4 6. exd4 a6 7. c3 Bf5 8. Ne5 Nxe5 9. Bxe5 e6 10. Nf3 Be7 11. Bd3 Bg4 12. h3 Bh5 13. Be2 O-O 14. O-O Ne4 15. Nd2 Bxe2 16. Qxe2 Nd6 17. Rfe1 Re8 18. Qg4 Bf6 19. f4 Nf5 20. Bxf6 Qxf6 21. Nf1 b5 22. Ng3 b4 23. Re5 Nxg3 24. Qxg3 bxc3 25. bxc3 g6 26. h4 Rec8 27. Rf1 Kf8 28. h5 Rc6 29. Rb1 Rac8 30. Rb3 a5 31. hxg6 hxg6 32. Re3 Rc4 33. Qf3 a4 34. Rb1 Qf5 35. Rb2 a3 36. Rb7 R4c7 37. Rxc7 Rxc7 38. Rd3 Rb7 39. Qd1 Rb2 40. Rf3 Rb1 0-1

[Event "European Womens-ch 2025"]
[Site "Rhodes"]
[Date "2025.03.31"]
[Round "1.41"]
[White "Doluhanova, Evgeniya"]
[Black "Donghvani, Nia"]
[Result "1/2-1/2"]
[Annotator "RC"]
[ECO "A04"]
[WhiteElo "2287"]
[BlackElo "2025"]
[PlyCount "66"]
[EventDate "2025.03.29"]
[EventType "swiss"]
[EventCountry "GRE"]
[SourceTitle "playchess.com"]
[Source "ChessBase"]
[SourceQuality "1"]
[TimeControl "40/5400+30:1800+30"]

1. Nf3 c5 2. b3 d6 3. e3 e5 4. d4 cxd4 5. exd4 e4 6. Bb5+ Bd7 7. Bxd7+ Nxd7 8. Qe2 d5 9. O-O Bd6 10. Ba3 Bxa3 11. Nxa3 Ngf6 12. Ne5 O-O 13. c4 Qe7 14. Nxd7 Qxd7 15. Nc2 Rfe8 16. Rfd1 Rad8 17. Rac1 g6 18. Ne3 Qe6 19. h3 a6 20. Qe1 Rd7 21. a4 Red8 22. Qb4 h5 23. a5 g5 24. c5 g4 25. Qb6 gxh3 26. gxh3 Rc8 27. Qxe6 fxe6 28. Kf1 Rg7 29. Ke2 Nd7 30. Rg1 Nb8 31. Rxg7+ Kxg7 32. Rg1+ Kf6 33. Nc2 Nc6 1/2-1/2

[Event "European Womens-ch 2025"]
[Site "Rhodes"]
[Date "2025.03.31"]
[Round "1.42"]
[White "Hariharan, Shambavi"]
[Black "Mkrtchyan, Mariam"]
[Result "0-1"]
[Annotator "RC"]
[ECO "E06"]
[WhiteElo "2024"]
[BlackElo "2282"]
[PlyCount "132"]
[EventDate "2025.03.29"]
[EventType "swiss"]
[EventCountry "GRE"]
[SourceTitle "playchess.com"]
[Source "ChessBase"]
[SourceQuality "1"]
[TimeControl "40/5400+30:1800+30"]

1. d4 d5 2. c4 e6 3. Nf3 Nf6 4. g3 Be7 5. Bg2 O-O 6. O-O a5 7. Qc2 Nc6 8. a3 dxc4 9. Qxc4 a4 10. Nc3 Bd7 11. Ne5 Na5 12. Qd3 Be8 13. Rd1 Nd5 14. Be4 h6 15. Qf3 Nxc3 16. bxc3 Rb8 17. Be3 b5 18. Bc2 Bd6 19. h4 f5 20. h5 Bxe5 21. dxe5 Qe7 22. Bf4 Bc6 23. e4 Nb3 24. Rab1 Nc5 25. Qe2 Bxe4 26. c4 bxc4 27. Qxc4 Bd5 28. Qc3 Nb3 29. Be3 Qxa3 30. Ra1 Qb4 31. Qxb4 Rxb4 32. Bxb3 axb3 33. Bc5 Rb5 34. Bxf8 Kxf8 35. Rab1 c5 36. Rb2 Ke7 37. f4 Be4 38. Rc1 Bc2 39. Rcxc2 bxc2 40. Rxc2 Kd7 41. Rd2+ Kc7 42. Rc2 Kc6 43. Rd2 c4 44. Kf2 Rd5 45. Ra2 Kb5 46. Rb2+ Kc5 47. Rb8 c3 48. Ke3 Kc4 49. Rc8+ Kb3 50. Rb8+ Ka2 51. Ra8+ Kb2 52. Rb8+ Ka3 53. Ra8+ Kb4 54. Rb8+ Rb5 55. Rc8 Kb3 56. Kd3 Rd5+ 57. Ke2 Rd4 58. Rb8+ Rb4 59. Rc8 Kc2 60. Rc6 Re4+ 61. Kf3 Kd3 62. Rd6+ Rd4 63. Rxe6 c2 64. Rc6 Rc4 65. Rd6+ Kc3 66. e6 c1=Q 0-1

[Event "European Womens-ch 2025"]
[Site "Rhodes"]
[Date "2025.03.31"]
[Round "1.43"]
[White "Sieber, Fiona"]
[Black "Bhatia, Kanishka"]
[Result "1/2-1/2"]
[Annotator "RC"]
[ECO "C41"]
[WhiteElo "2276"]
[BlackElo "2012"]
[PlyCount "287"]
[EventDate "2025.03.29"]
[EventType "swiss"]
[EventCountry "GRE"]
[SourceTitle "playchess.com"]
[Source "ChessBase"]
[SourceQuality "1"]
[TimeControl "40/5400+30:1800+30"]

1. e4 d6 2. d4 Nf6 3. Nc3 e5 4. Nf3 Nbd7 5. Rg1 exd4 6. Nxd4 Nc5 7. Qe2 Qe7 8. f3 g6 9. g4 c6 10. Bf4 Ne6 11. Be3 Bg7 12. O-O-O Bd7 13. h4 h5 14. Nf5 gxf5 15. gxf5 Bh6 16. fxe6 Bxe3+ 17. Qxe3 Bxe6 18. e5 Nd5 19. Nxd5 Bxd5 20. c4 Be6 21. exd6 Qxh4 22. d7+ Kd8 23. Qe5 Rf8 24. Rg7 Qe7 25. Qxh5 Qf6 26. Rg2 Qf4+ 27. Rgd2 Kc7 28. Kb1 Qf5+ 29. Qxf5 Bxf5+ 30. Bd3 Bxd7 31. Kc2 Be6 32. Kc3 a5 33. f4 Bg4 34. Rg1 f5 35. Rh2 Rad8 36. Re1 Rfe8 37. Rh7+ Kb6 38. Ree7 Rxe7 39. Rxe7 Rh8 40. Kd4 Rh3 41. c5+ Ka7 42. Re3 Rh2 43. Ke5 Rh8 44. Bc4 Re8+ 45. Be6 Rd8 46. Rb3 Kb8 47. Ra3 Rd2 48. b3 Re2+ 49. Kf6 Rf2 50. Ra4 Kc7 51. Bxf5 Be2 52. Re4 Ba6 53. a4 Rf3 54. Be6 Bd3 55. Rd4 Bc2 56. Rd7+ Kb8 57. Rd8+ Ka7 58. f5 Bxf5 59. Bxf5 Rxb3 60. Ke5 Rc3 61. Kd4 Ra3 62. Bc2 Rg3 63. Kc4 Rg2 64. Bb3 Rg1 65. Bd1 Re1 66. Rd7 Re4+ 67. Kd3 Re1 68. Bc2 Rg1 69. Ke4 Re1+ 70. Kf5 Re2 71. Be4 Kb8 72. Ke5 Ra2 73. Rd4 Kc7 74. Bf5 Re2+ 75. Kf6 Re1 76. Rc4 Rf1 77. Ke6 Re1+ 78. Be4 Re3 79. Rd4 Rc3 80. Rd7+ Kc8 81. Kd6 Rc4 82. Re7 Rd4+ 83. Ke5 Rxa4 84. Bf5+ Kb8 85. Re8+ Ka7 86. Kd6 Rd4+ 87. Kc7 Ka6 88. Re5 a4 89. Bc8 Rb4 90. Rh5 a3 91. Rh3 Kb5 92. Rxa3 Kxc5 93. Bxb7 Rh4 94. Bxc6 Rh7+ 95. Bd7 Rh2 96. Ra5+ Kb4 97. Rb5+ Kc4 98. Kb6 Rh6+ 99. Bc6 Rh8 100. Rg5 Rb8+ 101. Kc7 Rf8 102. Bd5+ Kd4 103. Be6 Ra8 104. Rd5+ Ke4 105. Rb5 Ra7+ 106. Kd6 Ra6+ 107. Ke7 Ra7+ 108. Kf6 Kd4 109. Rd5+ Ke4 110. Rd6 Ra4 111. Bd5+ Kf4 112. Rb6 Rd4 113. Ke6 Rd2 114. Rb4+ Ke3 115. Ke5 Rd3 116. Rh4 Kd2 117. Be4 Rd8 118. Rh3 Re8+ 119. Kd4 Rd8+ 120. Bd5 Re8 121. Rh2+ Re2 122. Rh8 Re7 123. Bc6 Re6 124. Rh2+ Re2 125. Rh6 Rf2 126. Be4 Kc1 127. Rb6 Rb2 128. Rc6+ Kd2 129. Rc4 Ke2 130. Ra4 Kd2 131. Bd3 Ke1 132. Ke3 Re2+ 133. Kf3 Re7 134. Ra2 Kd1 135. Be4 Rc7 136. Ke3 Kc1 137. Bd3 Re7+ 138. Kd4 Kd1 139. Be4 Rd7+ 140. Ke3 Kc1 141. Rc2+ Kd1 142. Rb2 Rc7 143. Rb1+ Rc1 144. Rb5 1/2-1/2

[Event "European Womens-ch 2025"]
[Site "Rhodes"]
[Date "2025.03.31"]
[Round "1.44"]
[White "Valkova, Angelika"]
[Black "Avramidou, Anastasia"]
[Result "0-1"]
[Annotator "RC"]
[ECO "A57"]
[WhiteElo "2001"]
[BlackElo "2275"]
[PlyCount "64"]
[EventDate "2025.03.29"]
[EventType "swiss"]
[EventCountry "GRE"]
[SourceTitle "playchess.com"]
[Source "ChessBase"]
[SourceQuality "1"]
[TimeControl "40/5400+30:1800+30"]

1. d4 Nf6 2. c4 c5 3. d5 b5 4. Qc2 b4 5. a3 a5 6. axb4 cxb4 7. e4 d6 8. c5 dxc5 9. Nf3 g6 10. Nbd2 Bg7 11. Bb5+ Bd7 12. Qxc5 O-O 13. O-O e6 14. Bc4 exd5 15. exd5 Bf5 16. Ne5 Nfd7 17. Nxd7 Nxd7 18. Qb5 Ne5 19. Be2 Qc7 20. d6 Qxd6 21. Rxa5 Rab8 22. Qd5 Qxd5 23. Rxd5 Rfd8 24. Rxd8+ Rxd8 25. Nc4 Be6 26. Nxe5 Bxe5 27. Bg5 f6 28. Bc1 Ra8 29. b3 Bxb3 30. Bf3 Rb8 31. Bd2 Bc2 32. Bd5+ Kg7 0-1

[Event "European Womens-ch 2025"]
[Site "Rhodes"]
[Date "2025.03.31"]
[Round "1.45"]
[White "Allahverdiyeva, Ayan"]
[Black "Kiousi, Panagiota"]
[Result "1-0"]
[Annotator "RC"]
[ECO "B76"]
[WhiteElo "2266"]
[BlackElo "1998"]
[PlyCount "145"]
[EventDate "2025.03.29"]
[EventType "swiss"]
[EventCountry "GRE"]
[SourceTitle "playchess.com"]
[Source "ChessBase"]
[SourceQuality "1"]
[TimeControl "40/5400+30:1800+30"]

1. e4 c5 2. Nf3 d6 3. d4 cxd4 4. Nxd4 Nf6 5. Nc3 g6 6. Be3 Bg7 7. f3 Nc6 8. Qd2 O-O 9. O-O-O d5 10. exd5 Nxd5 11. Nxc6 bxc6 12. Bd4 e5 13. Bc5 Be6 14. Ne4 Re8 15. Bc4 Qc7 16. Kb1 Red8 17. Ng5 Nf4 18. Nxe6 Nxe6 19. Bd6 Qc8 20. Qc1 Nd4 21. Bc5 Rb8 22. c3 Qf5+ 23. Bd3 e4 24. cxd4 exd3 25. Qc3 Rd5 26. Rd2 Rb5 27. Re1 Qd7 28. Qa3 Bxd4 29. Bxd4 Rxd4 30. Re7 Qd6 31. Qxd6 Rxd6 32. Re3 Rbd5 33. b3 f5 34. g3 g5 35. Kb2 Kf7 36. Kc3 Rc5+ 37. Kb2 Rcd5 38. b4 a5 39. a3 axb4 40. axb4 Re6 41. Rxe6 Kxe6 42. Kc3 f4 43. gxf4 gxf4 44. Rxd3 Rh5 45. Rd2 Rh3 46. Rf2 Kd5 47. Kd3 Rh5 48. Rd2 Rh3 49. Kc3+ Ke5 50. Re2+ Kd5 51. Rf2 Rh5 52. Rd2+ Ke5 53. Kc4 Rh3 54. Rf2 Kd6 55. Kd4 Rh5 56. Ke4 Rh4 57. Rc2 Rh5 58. Rg2 Rb5 59. Rb2 Kc7 60. Kxf4 c5 61. Rc2 Rxb4+ 62. Ke5 Kc6 63. f4 Rd4 64. f5 Rd5+ 65. Ke6 Rd6+ 66. Ke7 Rd7+ 67. Ke8 Rd4 68. f6 Re4+ 69. Kf8 Kd6 70. f7 Rf4 71. Re2 Ra4 72. Rf2 Ra7 73. Kg8 1-0

[Event "European Womens-ch 2025"]
[Site "Rhodes"]
[Date "2025.03.31"]
[Round "1.46"]
[White "Tirpan, Ceren"]
[Black "Krasteva, Beloslava"]
[Result "1/2-1/2"]
[Annotator "RC"]
[ECO "A13"]
[WhiteElo "1996"]
[BlackElo "2257"]
[PlyCount "116"]
[EventDate "2025.03.29"]
[EventType "swiss"]
[EventCountry "GRE"]
[SourceTitle "playchess.com"]
[Source "ChessBase"]
[SourceQuality "1"]
[TimeControl "40/5400+30:1800+30"]

1. c4 e6 2. g3 d5 3. Bg2 d4 4. Nf3 Nc6 5. O-O Bc5 6. d3 Nf6 7. Nbd2 a5 8. Nb3 Be7 9. e3 dxe3 10. Bxe3 Ng4 11. Bc5 O-O 12. d4 a4 13. Bxe7 Qxe7 14. Nc5 e5 15. Re1 Rd8 16. Nxa4 Qb4 17. b3 exd4 18. Qd2 Qd6 19. Rad1 h6 20. h3 Nf6 21. c5 Qf8 22. Ne5 Nxe5 23. Rxe5 Bd7 24. Bxb7 Ra7 25. Qxd4 Rxb7 26. c6 Rbb8 27. cxd7 Rxd7 28. Qa1 Rbd8 29. Rxd7 Rxd7 30. Qc3 Qd8 31. Nc5 Rd2 32. a4 Qd6 33. Re1 Ra2 34. Ne4 Nxe4 35. Rxe4 Qd5 36. Rd4 Qe6 37. Rd8+ Kh7 38. Qd3+ f5 39. Kg2 Rb2 40. Rb8 Qc6+ 41. Qf3 Qc2 42. g4 fxg4 43. hxg4 Qg6 44. Qf5 Qxf5 45. gxf5 c5 46. Rb5 Kg8 47. Kg3 Kf7 48. f3 Rc2 49. a5 c4 50. bxc4 Rxc4 51. a6 Ra4 52. Rb6 Ke7 53. f4 Ra3+ 54. Kg4 Kf7 55. Rb7+ Kf6 56. a7 Ra2 57. Rb6+ Kf7 58. Rb7+ Kf6 1/2-1/2

[Event "European Womens-ch 2025"]
[Site "Rhodes"]
[Date "2025.03.31"]
[Round "1.47"]
[White "Smietanska, Wiktoria"]
[Black "Alexandri, Dimitra"]
[Result "1-0"]
[Annotator "RC"]
[ECO "E92"]
[WhiteElo "2254"]
[BlackElo "1995"]
[PlyCount "165"]
[EventDate "2025.03.29"]
[EventType "swiss"]
[EventCountry "GRE"]
[SourceTitle "playchess.com"]
[Source "ChessBase"]
[SourceQuality "1"]
[TimeControl "40/5400+30:1800+30"]

1. c4 Nf6 2. Nc3 g6 3. d4 Bg7 4. Nf3 O-O 5. e4 d6 6. Be2 e5 7. Be3 Ng4 8. Bg5 f6 9. Bc1 Nc6 10. d5 Ne7 11. h3 Nh6 12. h4 a5 13. h5 g5 14. Nh2 Bd7 15. Be3 Qc8 16. c5 Nf7 17. Rc1 h6 18. Na4 Qe8 19. b3 Qd8 20. Qc2 Rc8 21. Bd2 Bxa4 22. bxa4 dxc5 23. Bg4 b6 24. Bxc8 Qxc8 25. O-O Nd6 26. Rfe1 Qe8 27. Qd1 Qf7 28. Ng4 Kh8 29. Qf3 Qe8 30. g3 Qxa4 31. Qd1 Qe8 32. f4 Qxh5 33. fxe5 fxe5 34. Kg2 Qg6 35. Qe2 Kg8 36. Bc3 Nf7 37. Rh1 Nc8 38. Rcf1 Ncd6 39. Nf2 Re8 40. Qg4 Re7 41. Re1 Nb5 42. Bb2 Nfd6 43. Qh5 Qxh5 44. Rxh5 Kh7 45. Ng4 Kg6 46. Rh2 Nd4 47. Bxd4 cxd4 48. Nf2 Nb5 49. Nd1 Na3 50. Kf3 Rf7+ 51. Ke2 b5 52. Nb2 b4 53. Rc1 Nb5 54. Rc6+ Kh7 55. Na4 Rf6 56. Rxf6 Bxf6 57. Kd3 Nc3 58. Nc5 Be7 59. Ne6 Nb5 60. Rc2 Bd6 61. Nc5 Nc3 62. Nb7 Na4 63. Rc6 Nc3 64. Nxa5 Nxa2 65. Nc4 Nc1+ 66. Kd2 Nb3+ 67. Kc2 Nc5 68. Nxd6 cxd6 69. Rxd6 b3+ 70. Kc1 Nxe4 71. Rb6 Nc5 72. d6 Kg8 73. Rb5 b2+ 74. Kxb2 Nd7 75. Rb7 Nc5 76. Rc7 Ne6 77. Re7 Nc5 78. d7 Nb7 79. Kc2 Kf8 80. Rxe5 Kf7 81. Re8 d3+ 82. Kd2 h5 83. Rb8 1-0

[Event "European Womens-ch 2025"]
[Site "Rhodes"]
[Date "2025.03.31"]
[Round "1.48"]
[White "Krkyasharyan, Sona"]
[Black "Schneider, Jana"]
[Result "*"]
[Annotator "RC"]
[ECO "D37"]
[WhiteElo "1989"]
[BlackElo "2251"]
[PlyCount "46"]
[EventDate "2025.03.29"]
[EventType "swiss"]
[EventCountry "GRE"]
[SourceTitle "playchess.com"]
[Source "ChessBase"]
[SourceQuality "1"]
[TimeControl "40/5400+30:1800+30"]

1. d4 d5 2. c4 e6 3. Nc3 Nf6 4. Nf3 Be7 5. Bf4 O-O 6. e3 b6 7. Bd3 dxc4 8. Bxc4 Ba6 9. Qe2 Bxc4 10. Qxc4 c5 11. O-O Nc6 12. Rfd1 Qc8 13. dxc5 bxc5 14. Rac1 Rd8 15. Na4 Rxd1+ 16. Rxd1 Nd5 17. Bg3 Nb6 18. Qb5 Nb4 19. a3 Nxa4 20. Qxa4 Nd5 21. e4 Nb6 22. Qc2 c4 23. Rc1 Qa6 *

[Event "European Womens-ch 2025"]
[Site "Rhodes"]
[Date "2025.03.31"]
[Round "1.49"]
[White "Schippke, Manon"]
[Black "Golsta, Madara"]
[Result "0-1"]
[Annotator "RC"]
[ECO "B76"]
[WhiteElo "2247"]
[BlackElo "1979"]
[PlyCount "68"]
[EventDate "2025.03.29"]
[EventType "swiss"]
[EventCountry "GRE"]
[SourceTitle "playchess.com"]
[Source "ChessBase"]
[SourceQuality "1"]
[TimeControl "40/5400+30:1800+30"]

1. e4 c5 2. Nf3 d6 3. d4 cxd4 4. Nxd4 Nf6 5. Nc3 g6 6. Be3 Bg7 7. f3 Nc6 8. Bc4 O-O 9. Qe2 Bd7 10. O-O-O Na5 11. Bd3 Rc8 12. g4 e5 13. Ndb5 Be6 14. Qf2 Nc6 15. Be2 Ne8 16. Bxa7 Nxa7 17. Qxa7 Ra8 18. Qxb7 Bxa2 19. Nxa2 Rxa2 20. Kb1 Ra8 21. g5 Qa5 22. Na3 Nc7 23. Qc6 Rfb8 24. Kc1 Rxb2 25. Qxa8+ Qxa8 26. Kxb2 d5 27. exd5 e4+ 28. Kb3 Qb7+ 29. Ka4 Nxd5 30. Nb5 Qc6 31. Rd2 e3 32. Rd3 Qxc2+ 33. Ka5 Qxe2 34. Rxd5 Qa2+ 0-1

[Event "European Womens-ch 2025"]
[Site "Rhodes"]
[Date "2025.03.31"]
[Round "1.50"]
[White "Golsta, Ramona"]
[Black "Urh, Zala"]
[Result "0-1"]
[Annotator "RC"]
[ECO "D94"]
[WhiteElo "1943"]
[BlackElo "2244"]
[PlyCount "54"]
[EventDate "2025.03.29"]
[EventType "swiss"]
[EventCountry "GRE"]
[SourceTitle "playchess.com"]
[Source "ChessBase"]
[SourceQuality "1"]
[TimeControl "40/5400+30:1800+30"]

1. d4 Nf6 2. c4 g6 3. Nf3 Bg7 4. Nc3 d5 5. e3 O-O 6. cxd5 Nxd5 7. Be2 c5 8. O-O Nc6 9. Bc4 Nb6 10. Qe2 cxd4 11. Rd1 Bg4 12. Bb5 e5 13. Bxc6 bxc6 14. exd4 exd4 15. h3 Re8 16. hxg4 Rxe2 17. Nxe2 c5 18. Rb1 a5 19. b3 Nd5 20. Bb2 a4 21. b4 Nxb4 22. Bxd4 Bxd4 23. Nexd4 Nxa2 24. Nc6 Qf6 25. Rb6 Nb4 26. g5 Qxc6 27. Rxc6 Nxc6 0-1

[Event "European Womens-ch 2025"]
[Site "Rhodes"]
[Date "2025.03.31"]
[Round "1.51"]
[White "Wikar, Martyna"]
[Black "Karadas, Hena"]
[Result "1-0"]
[Annotator "RC"]
[ECO "B30"]
[WhiteElo "2239"]
[BlackElo "1931"]
[PlyCount "85"]
[EventDate "2025.03.29"]
[EventType "swiss"]
[EventCountry "GRE"]
[SourceTitle "playchess.com"]
[Source "ChessBase"]
[SourceQuality "1"]
[TimeControl "40/5400+30:1800+30"]

1. e4 c5 2. Nf3 Nc6 3. Bb5 Nf6 4. Bxc6 dxc6 5. d3 Bg4 6. h3 Bh5 7. Nbd2 Qc7 8. g4 Bg6 9. Qe2 e5 10. Nc4 Nd7 11. a4 Be7 12. Bd2 f6 13. Nh4 Nf8 14. Nf5 Ne6 15. h4 h5 16. a5 O-O-O 17. Be3 Kb8 18. f3 Bf7 19. Qf2 Bf8 20. Ng3 hxg4 21. fxg4 Nd4 22. Nf5 Bxc4 23. dxc4 Qf7 24. b3 g6 25. Ng3 Qe6 26. O-O-O Be7 27. Bxd4 cxd4 28. Qf3 Bb4 29. Ne2 Bxa5 30. h5 Qe7 31. Kb2 gxh5 32. gxh5 Rh6 33. Rd3 Rdh8 34. Qg4 Qf7 35. Rdh3 a6 36. Qf5 Rg8 37. Nxd4 exd4 38. Qf4+ Qc7 39. Qxh6 Bc3+ 40. Kb1 Qa5 41. Rxc3 dxc3 42. Qxf6 Qb4 43. h6 1-0

[Event "European Womens-ch 2025"]
[Site "Rhodes"]
[Date "2025.03.31"]
[Round "1.52"]
[White "Alexandri, Vasiliki"]
[Black "Gevorgyan, Maria"]
[Result "0-1"]
[Annotator "RC"]
[ECO "E59"]
[WhiteElo "1927"]
[BlackElo "2234"]
[PlyCount "52"]
[EventDate "2025.03.29"]
[EventType "swiss"]
[EventCountry "GRE"]
[SourceTitle "playchess.com"]
[Source "ChessBase"]
[SourceQuality "1"]
[TimeControl "40/5400+30:1800+30"]

1. d4 Nf6 2. c4 e6 3. Nc3 Bb4 4. e3 O-O 5. Bd3 d5 6. a3 Bxc3+ 7. bxc3 c5 8. Nf3 Nc6 9. O-O Qc7 10. Bb2 dxc4 11. Bxc4 b6 12. Be2 Rd8 13. Qc2 Ne7 14. c4 Bb7 15. Rfd1 Ng6 16. Rac1 cxd4 17. exd4 Nf4 18. Bf1 Bxf3 19. gxf3 N6h5 20. d5 Qe7 21. Qe4 Qg5+ 22. Kh1 exd5 23. cxd5 Re8 24. Qd4 Rad8 25. d6 Re6 26. d7 Rg6 0-1

[Event "European Womens-ch 2025"]
[Site "Rhodes"]
[Date "2025.03.31"]
[Round "1.53"]
[White "Jarocka, Liwia"]
[Black "Nenova, Andzhelika"]
[Result "1-0"]
[Annotator "RC"]
[ECO "B30"]
[WhiteElo "2231"]
[BlackElo "1903"]
[PlyCount "81"]
[EventDate "2025.03.29"]
[EventType "swiss"]
[EventCountry "GRE"]
[SourceTitle "playchess.com"]
[Source "ChessBase"]
[SourceQuality "1"]
[TimeControl "40/5400+30:1800+30"]

1. e4 c5 2. Nf3 Nc6 3. Bb5 e5 4. O-O Bd6 5. c3 a6 6. Bxc6 dxc6 7. d4 exd4 8. cxd4 Bg4 9. dxc5 Bxc5 10. Qb3 Qb6 11. Qc3 O-O-O 12. Nbd2 Nf6 13. Qc2 Rhe8 14. Nc4 Qc7 15. b4 Bxf3 16. bxc5 Bxe4 17. Qb2 Ng4 18. Nd6+ Rxd6 19. Bf4 Qd7 20. cxd6 g5 21. Bg3 f5 22. f3 f4 23. Be1 Bd3 24. fxg4 Bxf1 25. Kxf1 Qxd6 26. Kg1 Qe6 27. Rb1 b5 28. Rc1 Qxg4 29. Rxc6+ Kb7 30. Rc1 Qe2 31. Qc3 Qe3+ 32. Qxe3 Rxe3 33. Bb4 Re2 34. a3 Kb6 35. Re1 Rxe1+ 36. Bxe1 Kc5 37. Kf2 Kc4 38. Kf3 Kd3 39. Bb4 Kd4 40. Be7 h6 41. Bf8 1-0

[Event "European Womens-ch 2025"]
[Site "Rhodes"]
[Date "2025.03.31"]
[Round "1.54"]
[White "Silva, Ana Ines Teixeira Da"]
[Black "Calzetta Ruiz, Monica"]
[Result "1/2-1/2"]
[Annotator "RC"]
[ECO "B22"]
[WhiteElo "1893"]
[BlackElo "2230"]
[PlyCount "99"]
[EventDate "2025.03.29"]
[EventType "swiss"]
[EventCountry "GRE"]
[SourceTitle "playchess.com"]
[Source "ChessBase"]
[SourceQuality "1"]
[TimeControl "40/5400+30:1800+30"]

1. e4 c5 2. Nf3 Nc6 3. c3 d5 4. exd5 Qxd5 5. d4 Nf6 6. dxc5 Qxd1+ 7. Kxd1 Bg4 8. Nbd2 e5 9. b4 e4 10. h3 exf3 11. hxg4 Nxg4 12. Ne4 fxg2 13. Bxg2 f5 14. f3 Nge5 15. Ng5 Be7 16. Kc2 h6 17. f4 Ng4 18. Ne6 Kf7 19. Bxc6 bxc6 20. Nd4 a5 21. Nxc6 axb4 22. cxb4 Bf6 23. Bb2 Ne3+ 24. Kb3 Nd5 25. Bxf6 Kxf6 26. Rhd1 Nxf4 27. Rd6+ Kf7 28. Ne5+ Kg8 29. c6 Kh7 30. b5 Rhe8 31. Nc4 Ne6 32. b6 Rac8 33. Kb4 f4 34. b7 Rb8 35. Nb6 Nc7 36. Nd7 Rbd8 37. b8=Q Na6+ 38. Kb5 Nxb8 39. Rad1 Nxd7 40. cxd7 Re2 41. Rf1 g5 42. Rh1 Kg7 43. Rhxh6 Rxd7 44. Rdg6+ Kf7 45. Rxg5 Rxa2 46. Rf5+ Kg7 47. Rh4 Rb7+ 48. Kc6 Rf7 49. Rxf7+ Kxf7 50. Rxf4+ 1/2-1/2